 Dungeon Crawl Stone Soup version 0.20.1-1-g8b1a95d (webtiles) character file.

94 Monsterracer the Conjurer (level 4, 18/18 HPs)
             Began as a Felid Conjurer on Aug 9, 2017.
             Quit the game on level 3 of the Dungeon.
             The game lasted 00:07:54 (4480 turns).

Monsterracer the Conjurer (Felid Conjurer)          Turns: 4480, Time: 00:07:55

Health: 18/18      AC:  1    Str:  4    XL:     4   Next: 38%
Magic:  10/10      EV: 18    Int: 17    God:
Gold:   131        SH:  0    Dex: 23    Spells: 2/9 levels left
                                        Lives:  0   Deaths: 1

rFire    . . .     SeeInvis +   (weapon unavailable)
rCold    . . .     Gourm    .   (shield unavailable)
rNeg     . . .     Faith    .   (armour unavailable)
rPois    .         Spirit   .   (helmet unavailable)
rElec    .         Reflect  .   (cloak unavailable)
rCorr    .         Harm     .   (gloves unavailable)
MR       .....                  (boots unavailable)
Stlth    +++.......             (no amulet)
Regen    0.1/turn               q - +6 ring of dexterity
MPRegen  0.2/turn               (no ring)

@: quick
A: no armour, no weapons or thrown items, stealth, claws 1, fangs 3, see
invisible, carnivore 3, speed 1, shaggy fur 1, slow metabolism 1, sharp paws
a: no special abilities


You were on level 3 of the Dungeon.
You were not hungry.

You visited 1 branch of the dungeon, and saw 4 of its levels.

You collected 131 gold pieces.

Inventory:

Jewellery
 q - a +6 ring of dexterity (left paw)
Scrolls
 c - 4 scrolls of remove curse {unknown}
 d - a scroll of fog {unknown}
 e - 2 scrolls of random uselessness {unknown}
 f - 4 scrolls of identify {unknown}
 g - a scroll of amnesia {unknown}
 i - a scroll of enchant weapon {unknown}
 k - a scroll of teleportation {unknown}
 l - a scroll of fear {unknown}
 o - a scroll of blinking {unknown}
Potions
 j - a potion of resistance {unknown}
 m - 2 potions of ambrosia {unknown}
 p - 2 potions of might {unknown}
Books
 a - a book of Conjurations

   Spells                             Type                      Level
   a - Magic Dart                     Conjuration                  1
   b - Searing Ray                    Conjuration                  2
   c - Dazzling Spray                 Conjuration/Hexes            3
   d - Fulminant Prism                Conjuration/Hexes            4
   e - Force Lance                    Conjuration/Translocation    4
   f - Iskenderun's Mystic Blast      Conjuration                  4
Comestibles
 b - a meat ration
 h - 3 royal jellies
 n - a chunk of flesh


   Skills:
 - Level 2.6 Dodging
 - Level 2.6 Stealth
 + Level 3.4 Spellcasting
 * Level 5.2 Conjurations
 + Level 1.9 Translocations


You had 2 spell levels left.
You knew the following spells:

 Your Spells              Type           Power        Failure   Level  Hunger
a - Magic Dart            Conj           ###.         1%          1    None
b - Searing Ray           Conj           ###...       3%          2    ##.....
c - Force Lance           Conj/Tloc      ###.....     36%         4    ####...


Dungeon Overview and Level Annotations

Branches:
Dungeon (4/15)
 Temple: D:4-7

Altars:
Cheibriados
Gozag


Innate Abilities, Weirdness & Mutations

You cannot wear armour.
You are incapable of wielding weapons or throwing items.
Your paws allow you to move quietly. (Stealth)
You have sharp claws.
You have razor-sharp teeth.
You have supernaturally acute eyesight. (SInv)
You are carnivorous and can eat meat at any time.
You cover ground quickly.
You are covered in fur. (AC +1)
You have a slow metabolism.
Your sharp claws are effective at attacking unaware monsters.


Message History

Confirm with . or Enter, or press ? or * to list all spells.
Aiming: Searing Ray
Press: ? - help, Shift-Dir - straight line, f/p - phantom
Aim: a phantom (lightly damaged)
The searing ray misses the phantom. (Press . to maintain the ray.)
The searing ray hits the phantom.
The phantom is lightly damaged.
The phantom hits you.
* * * LOW HITPOINT WARNING * * *
Huge Dmg: -24%(-5hp) hp: 29%(6hp)
The searing ray hits the phantom.
The phantom is moderately damaged.
The phantom hits you!
You die...
The phantom blinks!
You are now level 4!
You rejoin the land of the living...
A rat comes into view.
Are you sure you want to abandon this character and quit the game? (Confirm with "yes".)

#.## #.[......###....## ...#
#.###...[......## ...# #.#
#.#.######.# ##.# #.# #.#.# #.#
#.# #.###.#.### ##'## #.#
#.........###...## # #.#
##.##.###.##.....## ## ##.#
##.#..r# #.#.......###.
...########.###.@###..........###
.............#................'..
...##.#######....###..........#.#
..###.# #........#.......##..
...##.# #.#########.....#####
..###.# #.# ##...## # .## #.#
#†### ##+## .####.# #...# #.#
......# ###.# #.#


You could see a rat (wandering).

Vanquished Creatures
  A crimson imp (D:3)
  An orc wizard (D:4)
  2 worker ants
  3 adders
  An adder skeleton (D:4)
  3 dart slugs
  2 worms (D:2)
  A leopard gecko (D:4)
  2 orcs
  2 ball pythons
  3 giant cockroaches
  5 goblins
  2 hobgoblins (D:2)
  3 kobolds (D:2)
  A quokka (D:3)
  5 bats
  2 frilled lizards
  A quokka skeleton (D:4)
  4 rats
44 creatures vanquished.

Notes
Turn   | Place    | Note
-------+----------+-------------------------------------------
     0 | D:1      | Monsterracer the Felid Conjurer began the quest for the Orb.
     0 | D:1      | Reached XP level 1. HP: 7/7 MP: 4/4
   755 | D:2      | Reached XP level 2. HP: 11/11 MP: 0/6
   759 | D:2      | Learned a level 2 spell: Searing Ray
   943 | D:2      | Reached skill level 4 in Conjurations
   947 | D:2      | HP: 5/11 [poisoned by an adder]
   952 | D:2      | HP: 4/11 [poisoned by an adder]
   958 | D:2      | HP: 3/11 [poisoned by an adder]
   965 | D:2      | HP: 2/11 [poisoned by an adder]
   973 | D:2      | HP: 1/11 [poisoned by an adder]
   980 | D:2      | HP: 1/11 [poisoned by an adder]
  1605 | D:2      | Reached XP level 3. HP: 14/14 MP: 2/7
  1880 | D:2      | Found an opulent altar of Gozag.
  2253 | D:3      | HP: 7/14 [crimson imp (1)]
  2255 | D:3      | HP: 3/14 [crimson imp (3)]
  2544 | D:3      | HP: 6/14 [crimson imp (2)]
  2737 | D:3      | Reached XP level 4. HP: 18/18 MP: 2/9
  2810 | D:3      | Learned a level 4 spell: Force Lance
  3165 | D:3      | Found a snail-covered altar of Cheibriados.
  3383 | D:3      | Reached skill level 5 in Conjurations
  3625 | D:4      | Noticed a phantom
  3629 | D:4      | Reached skill level 1 in Translocations
  3629 | D:4      | Reached XP level 5. HP: 18/21 MP: 5/10
  3654 | D:3      | HP: 10/21 [poisoned by a worker ant]
  3808 | D:4      | HP: 5/21 [phantom (9)]
  4035 | D:4      | HP: 6/21 [phantom (6)]
  4462 | D:3      | HP: 10/21 [phantom (3)]
  4478 | D:3      | HP: 6/21 [phantom (5)]
  4479 | D:3      | Slain by a phantom
  4480 | D:3      | Reached XP level 4. HP: -4/18 MP: 4/10
  4480 | D:3      | Quit the game

Skill      XL: |  1  2  3  4 |
---------------+-------------+-----
Conjurations   | 4 5 |  5.2
Spellcasting   | 3 |  3.4
Translocations | 1 |  1.9
Dodging        | |  2.6
Stealth        | |  2.6

Action                   |  1- 3 |  4- 6 || total
-------------------------+-------+-------++-------
Melee: Unarmed           |    39 |     2 ||    41
       Bite              |     2 |     1 ||     3
 Cast: Magic Dart        |    59 |    27 ||    86
       Searing Ray       |    10 |    10 ||    20
  Use: Potion            |     2 |       ||     2
  Eat: Chunk             |    10 |     5 ||    15
Armor: Skin              |     3 |       ||     3
Dodge: Dodged            |    46 |    21 ||    67
